 Dungeon Crawl Stone Soup version 0.27-a0-808-g60bc5d92e6 (webtiles) character file.

Game seed: 14604755032999876745

19 rageheart7 the Changer (level 2, -5/19 HPs)
             Began as a Demonspawn Wanderer on Mar 28, 2021.
             Killed from afar by a dart slug (7 damage)
             ... with a slug dart
             ... on level 1 of the Dungeon.
             The game lasted 00:02:25 (1495 turns).

rageheart7 the Changer (Demonspawn Wanderer)        Turns: 1495, Time: 00:02:26

Health: -5/19      AC:  2    Str: 14    XL:     2   Next: 55%
Magic:  0/4        EV: 11    Int: 14    God:
Gold:   54         SH:  0    Dex: 11    Spells: 2/4 levels left

rFire    . . .     SeeInvis .   a - +0 club
rCold    . . .     Faith    .   (no shield)
rNeg     . . .     Spirit   .   d - +0 robe
rPois    .         Reflect  .   (no helmet)
rElec    .         Harm     .   (no cloak)
rCorr    .         Rampage  .   (no gloves)
Will     .....                  (no boots)
Stlth    ++........             (no amulet)
HPRegen  0.06/turn              (no ring)
MPRegen  0.09/turn              (no ring)

@: no status effects
A: thin skeletal structure 1
a: no special abilities


You were on level 1 of the Dungeon.
You visited 1 branch of the dungeon, and saw 1 of its levels.

You collected 54 gold pieces.

Inventory:

Hand Weapons
 a - a +0 club (weapon)
Armour
 d - a +0 robe (worn)
Scrolls
 b - a scroll of teleportation
 c - 2 scrolls of identify {unknown}


   Skills:
 - Level 1.0 Throwing
 - Level 1.0 Stealth
 * Level 1.8 Spellcasting
 * Level 1.5 Conjurations
 - Level 2.0 Summonings
 - Level 2.6 Transmutations
 - Level 1.7 Fire Magic


You had 2 spell levels left.
You knew the following spells:

 Your Spells              Type           Power      Damage    Failure   Level
a - Foxfire               Conj/Fire      20%        2x1d5     12%         1
b - Magic Dart            Conj           20%        1d4       13%         1

Your spell library contained the following spells:

 Spells                   Type           Power      Damage    Failure   Level
 Call Imp                 Summ           6%         N/A       16%         2
 Blink                    Tloc           N/A        N/A       36%         2
 Slow                     Hex            1%         N/A       36%         2
 Conjure Flame            Conj/Fire      5%         6-21      36%         3
 Ignite Poison            Fire/Tmut/Pois 5%         N/A       36%         3
 Mephitic Cloud           Conj/Pois/Air  2%         N/A       52%         3


Dungeon Overview and Level Annotations

Branches:
Dungeon (1/15)

Altars:


Innate Abilities, Weirdness & Mutations

You have a somewhat thin skeletal structure. (Dex +2, Stealth)


Message History

The foxfire hits the dart slug.
The dart slug is moderately wounded.
The dart slug launches a dart at you. The slug dart misses you.
The dart slug launches a dart at you. The slug dart hits you.
* * * LOW HITPOINT WARNING * * *
Casting: Foxfire (safe; 12% risk of failure)
Confirm with . or Enter, or press ? or * to list all spells.
You miscast Foxfire.
You are very lightly contaminated with residual magic.
Nothing appears to happen.
You barely miss the dart slug.
The dart slug is moderately wounded.
The dart slug bites you.
* * * LOW HITPOINT WARNING * * *
You hit the dart slug but do no damage.
The dart slug is moderately wounded.
The dart slug bites you but does no damage.
You hit the dart slug.
The dart slug is heavily wounded.
The dart slug misses you.
You hit the dart slug but do no damage.
The dart slug is moderately wounded.
The dart slug bites you.
* * * LOW HITPOINT WARNING * * *
Your magical contamination has completely faded away.
The dart slug launches a dart at you. The slug dart hits you.
* * * LOW HITPOINT WARNING * * *
Casting: Foxfire (safe; 12% risk of failure)
Confirm with . or Enter, or press ? or * to list all spells.
You conjure some foxfire!
Your foxfire dissipates!
The foxfire hits the dart slug.
The dart slug is severely wounded.
You see here a +0 leather armour.
The dart slug launches a dart at you. The slug dart hits you!
You die...

####...#####.......########+###'
#...# #.......# #..... #...#
##.#....# ##...#
#...######.##...# ###########
#...##......>#..# #.......#
#####...##.###......# #.......#
..............##.#.####.......#
..............##.#.........†..#
...........w[...@...###.(.....#
#####...##.#####.#.## #.......#
#...##.......#.# #.......#
#...##########.# ######### #...#
#.# #####...# #.#####
....#...###### #.....# #####
###.##...)...# #####.# #....
###.##.......# #.# #.#..


You could see a dart slug.

Vanquished Creatures
  2 bats (D:1)
  3 endoplasms (D:1)
  A giant cockroach (D:1)
  3 hobgoblins (D:1)
  A ball python (D:1)
  A frilled lizard (D:1)
  A goblin (D:1)
  3 kobolds (D:1)
  2 rats (D:1)
17 creatures vanquished.

Vanquished Creatures (others)
  46 foxfires (D:1)
46 creatures vanquished.

Grand Total: 63 creatures vanquished

Notes
Turn   | Place    | Note
-------+----------+-------------------------------------------
     0 | D:1      | rageheart7 the Demonspawn Wanderer began the quest for the
                  | Orb.
     0 | D:1      | rageheart7 set off with the following items: a +0 club, a
                  | scroll of teleportation, a +0 robe; and the following
                  | spells available to memorise: Call Imp, Foxfire, Magic
                  | Dart, Blink, Slow, Ignite Poison, Conjure Flame, Mephitic
                  | Cloud
     0 | D:1      | Reached XP level 1. HP: 13/13 MP: 2/2
     2 | D:1      | Learned a level 1 spell: Foxfire
     4 | D:1      | Learned a level 1 spell: Magic Dart
   534 | D:1      | Reached skill level 1 in Conjurations
   545 | D:1      | Gained mutation: You have a somewhat thin skeletal
                  | structure. (Dex +2, Stealth) [demonic ancestry]
   545 | D:1      | Reached XP level 2. HP: 8/19 MP: 0/4
  1495 | D:1      | Killed from afar by a dart slug

Illustrated notes

Levels and vault maps discovered:
D:1:      zaba_arrival_water, layout_loops_cross, minmay_tripent

Skill      XL: |  1 |
---------------+----+-----
Conjurations   | 1 |  1.5
Throwing       | |  1.0
Stealth        | |  1.0
Spellcasting   | |  1.8
Summonings     | |  2.0
Transmutations | |  2.6
Fire Magic     | |  1.7

Action                   || total
-------------------------++-------
Melee: Club              ||    59
 Cast: Foxfire           ||    31
 Stab: Sleeping          ||     1
Armor: Robe              ||    25
Dodge: Dodged            ||    72

Table legend: (Time is in decaauts)
 A = Elapsed time spent in this place.
 B = Non-inter-level travel time spent in this place.
 C = Inter-level travel time spent in this place.
 D = Time resting spent in this place.
 E = Time spent auto-exploring this place.
 F = Levels seen in this place.
 G = Mean time per level.
                   A        B        C        D        E       F      G
               +--------+--------+--------+--------+--------+-----+--------+
         Total |   1519 |   1519 |      0 |      0 |   1270 |   1 | 1519.0 |
       Dungeon |   1519 |   1519 |      0 |      0 |   1270 |   1 | 1519.0 |
               +--------+--------+--------+--------+--------+-----+--------+

Top non-repeatable levels by time:
     D:1: 1519 daAuts
